[Event "*** Titled Tuesday 3|2 Blitz"]
[Site "Chess.com"]
[Date "2015.10.06"]
[Round "4"]
[White "1stSecond"]
[Black "Keranke"]
[Result "0-1"]
[WhiteElo "2388"]
[BlackElo "2587"]
[TimeControl "180+2"]
[EndTime "11:51:54 PDT"]
[Termination "Keranke won by checkmate"]

1. d4 g6 2. c4 Bg7 3. Nc3 d6 4. Nf3 Nf6 5. h3 O-O 6. e4 a6 7.
Be3 c5 8. d5 b5 9. cxb5 axb5 10. Bxb5 Nxe4 11. O-O Bxc3 12. bxc3 Nxc3 13. Qb3 Nxb5 14.
Qxb5 Ba6 15. Qb2 Bxf1 16. Bh6 f6 17. Ng5 Bc4 18. Ne6 Qc8 19. Nxf8 Bxd5 20. Qe2 Nc6 21. Rd1 Qf5 22. Rd2 Rxf8 23. Bxf8 Kxf8 24. a4 Nd4 25. Qe3 Qb1+ 26. Kh2 g5 27. a5 Qa1 28. h4 h6 29. hxg5 hxg5 30. Qh3 Qxa5 31. Qh6+ Ke8 32. Rb2 Nb3 33. Re2 Nd4 34. Rb2 Bb3 35. f4 Qc3 36.
Rb1 Qe3 37. fxg5 Qxg5 38. Qh8+ Qg8 39. Qh5+ Kd7 40. Qh3+ f5 41. Ra1 Qg4 42. Ra7+ Kc6 43. Qe3 Bd5 44. Qd2 f4 45. Ra6+ Kd7 46. Ra7+ Ke8 47.
Ra3 f3 48. g3 Ne2 49. Qe1 Qh5# 0-1

[Event "*** Titled Tuesday 3|2 Blitz"]
[Site "Chess.com"]
[Date "2015.10.06"]
[Round "4"]
[White "gmjlh"]
[Black "Imre91"]
[Result "1-0"]
[WhiteElo "2636"]
[BlackElo "2582"]
[TimeControl "180+2"]
[EndTime "11:51:55 PDT"]
[Termination "gmjlh won by resignation"]

1. e4 e6 2. d4 d5 3. Nd2 Nc6 4. Ngf3 Nf6 5. e5 Nd7 6. Bb5 Be7 7. O-O O-O 8. Re1 a6 9. Bxc6 bxc6 10. Nb3 c5 11.
Na5 Nb8 12. a3 cxd4 13. Nxd4 c5 14. Ndc6 Nxc6 15. Nxc6 Qd7 16. Nxe7+ Qxe7 17. Qg4 f5 18. exf6 Qxf6 19. Qg3 Bb7 20. Bg5 Qg6 21. Be7 Qxg3 22.
hxg3 Rfe8 23. Bxc5 Rac8 24. b4 e5 25. Rad1 Bc6 26. f3 Kf7 27. Kf2 h6 28. c3 Re6 29.
Rd2 Rce8 30. a4 Rd8 31. a5 Bb5 32. f4 exf4 33. gxf4 Rxe1 34. Kxe1 Re8+ 35. Kf2 Bc4 36. Be3 Kf6 37. b5 Bxb5 38. Rxd5 g6 39. Rc5 Re4 40. Bd4+ Ke6 41. Kf3 Re1 42. c4 Bd7 43. Rc7 Rd1 44. Be3 Ra1 45. c5 Bb5 46. Rg7 Bc6+ 47. Kg3 Kf5 48. Rf7+ Ke4 49. Re7+ Kd5 50. Re5+ Kc4 51. Re6 Bd5 52. Rxg6 Rxa5 53. f5 Ra2 54. Kf4 a5 55. c6 Kb5 56. c7 Rc2 57. Rb6+ Ka4 58. Rd6 Bxg2 59. Bb6 Kb5 60. f6 Rc1 61. f7 Bb7 62.
Rf6 1-0

[Event "*** Titled Tuesday 3|2 Blitz"]
[Site "Chess.com"]
[Date "2015.10.06"]
[Round "4"]
[White "Quinten94"]
[Black "PowerThinking2650"]
[Result "0-1"]
[WhiteElo "2280"]
[BlackElo "2095"]
[TimeControl "180+2"]
[EndTime "11:51:55 PDT"]
[Termination "PowerThinking2650 won by resignation"]

1. e4 e5 2. Nf3 Nc6 3. Bb5 a6 4.
Ba4 Nf6 5. O-O Be7 6. Re1 b5 7.
Bb3 d6 8. a4 Bg4 9. c3 O-O 10. h3 Bh5 11. d3 Na5 12. Bc2 c5 13.
Nbd2 b4 14. Nf1 Rb8 15. Ng3 b3 16. Nxh5 Nxh5 17. Bb1 Nf6 18. d4 Qc7 19. Bd3 c4 20. Bf1 Rfe8 21. g3 h6 22. Nh4 Bf8 23. Nf5 Rbd8 24.
d5 Kh7 25. Qf3 Ng8 26. h4 g6 27. Ne3 Bg7 28. Qe2 Rc8 29. h5 Ne7 30. Bh3 Rb8 31. Kg2 Rf8 32. Rh1 g5 33. Nf5 Nxf5 34. Bxf5+ Kg8 35.
Qg4 Rfe8 36. f4 exf4 37. gxf4 f6 38. Be6+ Kh8 39. Bd2 Nb7 40. Raf1 Nc5 41. fxg5 fxg5 42. Rf7 Re7 43. Rhf1 Nxe6 44. dxe6 Rbe8 45. Be3 Qc8 46. Bd4 Bxd4 47. Qf5 Bg7 48. Qg6 Rxf7 49. exf7 Rf8 50. Rf5 Qd7 51. Kh3 Qe7 52. Kg3 Qxe4 53. Rf6 Qxg6 54.
Rxg6 Rxf7 0-1

[Event "*** Titled Tuesday 3|2 Blitz"]
[Site "Chess.com"]
[Date "2015.10.06"]
[Round "4"]
[White "AndreyOstrovskiy"]
[Black "StellarChessPro"]
[Result "1/2-1/2"]
[WhiteElo "2370"]
[BlackElo "2234"]
[TimeControl "180+2"]
[EndTime "11:52:04 PDT"]
[Termination "Game drawn by agreement"]

1. e4 c6 2. d4 d5 3. exd5 cxd5 4.
Bd3 Nf6 5. c3 Nc6 6. Bf4 e6 7.
Nf3 Bd6 8. Bg5 h6 9. Bh4 O-O 10. Nbd2 a6 11. O-O Rb8 12. a4 a5 13.
Re1 b6 14. Nf1 Bb7 15. Bc2 Be7 16. Qd3 Ne4 17. Bxe7 Qxe7 18. Ng3 f5 19. Nd2 Qf7 20. f3 Nxg3 21. hxg3 Rbd8 22. Nf1 Qf6 23. Qe3 Rde8 24. Nd2 e5 25. dxe5 Nxe5 26. Qd4 Nc4 27. Qxf6 Rxe1+ 28. Rxe1 Rxf6 29. Nxc4 dxc4 30. Re5 g6 31. Bd1 Rd6 32. Be2 Ba6 33. Kf2 Kf7 34. Ke3 Kf6 35. f4 g5 36. Re8 g4 37. Ra8 Bb7 38. Rh8 Kg7 39. Re8 Bxg2 40. Bxc4 Bc6 41. Re5 Kf6 42. Bd3 Re6 43. Kd4 Rxe5 44. fxe5+ Kg5 45. e6 Kf6 46. e7 Bxa4 47. Ke3 Kg5 48. b4 axb4 49. cxb4 Be8 50. Bc4 h5 51. Bd5 Kf6 52. Kf4 Kxe7 53. Kxf5 Kd6 54.
Bg8 Bd7+ 55. Kf4 Be8 56. Bc4 b5 57. Bb3 Bc6 58. Bf7 Bf3 59. Bxh5 Kd5 60. Bxg4 Bxg4 61. Kxg4 Kc4 62. Kf4 Kxb4 63. g4 Ka3 64. g5 b4 65.
g6 b3 66. g7 b2 67. g8=Q b1=Q 1/2-1/2

[Event "*** Titled Tuesday 3|2 Blitz"]
[Site "Chess.com"]
[Date "2015.10.06"]
[Round "4"]
[White "kesarev"]
[Black "jcibarra"]
[Result "1/2-1/2"]
[WhiteElo "2181"]
[BlackElo "2487"]
[TimeControl "180+2"]
[EndTime "11:52:11 PDT"]
[Termination "Game drawn - insufficient material"]

1. Nf3 Nf6 2. c4 d6 3. d4 g6 4. Nc3 Bf5 5. h3 Ne4 6. g4 Nxc3 7. bxc3 Be4 8. Bg2 Bg7 9. O-O O-O 10. Bg5 c5 11.
dxc5 dxc5 12. Qxd8 Rxd8 13. Bxe7 Rc8 14. Rad1 Bxc3 15.
Ng5 Bxg2 16. Kxg2 Nc6 17. Bxc5 Ne5 18. Bd4 Rxc4 19. Bxc3 Rxc3 20. Rd5 Re8 21. Ne4 Rc6 22. f3 Nc4 23. Kf2 Kg7 24. g5 Nb6 25. Ra5 a6 26. Rd1 h6 27. h4 hxg5 28. hxg5 Nc4 29. Rad5 Nb6 30. Rd8 Rc8 31. R8d6 Rc6 32. Rxc6 bxc6 33.
Rd6 Rc8 34. Nc5 a5 35. Kg3 Kf8 36. Kf4 Ke7 37. Rd4 Nd5+ 38. Ke5 Re8 39. e4 Nb4 40.
Rd7+ Kf8+ 41. Kf6 Rb8 42. Rxf7+ Kg8 43. Rg7+ Kh8 44. Rxg6 Rf8+ 45. Ke5 Rxf3 46. Rf6 Rg3 47. g6 Nxa2 48. Ke6 Kg7 49. Ke7 Rxg6 50. Rxg6+ Kxg6 51. Kd6 Nb4 52. e5 Kf7 53. e6+ Ke8 54. Ne4 Nd5 55. Kxc6 Nf4 56. Nc5 Ke7 57. Kb5 Kd6 58. Kxa5 Nxe6 59. Nxe6 1/2-1/2

[Event "*** Titled Tuesday 3|2 Blitz"]
[Site "Chess.com"]
[Date "2015.10.06"]
[Round "4"]
[White "Chesster_30"]
[Black "HansCoolNiemann"]
[Result "1/2-1/2"]
[WhiteElo "1770"]
[BlackElo "2055"]
[TimeControl "180+2"]
[EndTime "11:52:16 PDT"]
[Termination "Game drawn - insufficient material"]

1. e4 e5 2. Nf3 Nc6 3. Bb5 Nf6 4. d3 Bc5 5. Bxc6 dxc6 6. Nbd2 Qe7 7. O-O O-O 8. Nc4 Nd7 9. c3 b6 10. b4 Bd6 11.
Bg5 f6 12. Be3 Ba6 13. Nfd2 c5 14. a3 Rad8 15. Qc2 Nb8 16. Rfd1 Nc6 17. Rab1 b5 18.
Nxd6 cxd6 19. c4 cxb4 20. axb4 Qb7 21. Qc3 Rf7 22. Rb2 Rc7 23. Ra1 bxc4 24. dxc4 Nb8 25.
Qb3 Qc8 26. b5 Bb7 27. c5+ Kh8 28. c6 Nxc6 29. bxc6 Bxc6 30. Rxa7 Rxa7 31. Bxa7 Rd7 32. Be3 Rb7 33. Qc2 h6 34. Rxb7 Qxb7 35. f3 Qa6 36. h3 Qb5 37. Qc4 Qb7 38. Kh2 d5 39. exd5 Bxd5 40.
Qa4 Kh7 41. Qc2+ Kh8 42. Qd3 Qc6 43. Qg6 Bg8 44. Ne4 Bh7 45. Qg3 Bxe4 46. fxe4 Qxe4 47. Qf3 Qd3 48. Bf2 Qxf3 49. gxf3 Kh7 50. Kg3 Kg6 51. Be1 Kf5 52. Kf2 g5 53. Ke3 h5 54.
h4 g4 55. fxg4+ hxg4 56. Bg3 Ke6 57. h5 f5 58. Bh4 Kf7 59. Bg5 Ke6 60. Bh6 Kf6 61.
Kf2 f4 62. Bf8 e4 63. Bd6 Kg5 64. Bxf4+ Kxh5 65. Ke3 Kh4 66. Kxe4 g3 67. Bxg3+ 1/2-1/2

[Event "*** Titled Tuesday 3|2 Blitz"]
[Site "Chess.com"]
[Date "2015.10.06"]
[Round "4"]
[White "MFBerna"]
[Black "Makalexa"]
[Result "1-0"]
[WhiteElo "2088"]
[BlackElo "1894"]
[TimeControl "180+2"]
[EndTime "11:52:25 PDT"]
[Termination "MFBerna won by checkmate"]

1. e4 e5 2. Nf3 Nc6 3. Bb5 a6 4. Ba4 Nf6 5. O-O Be7 6. Re1 b5 7. Bb3 O-O 8. c3 d5 9. exd5 Nxd5 10. Nxe5 Nxe5 11. Rxe5 c6 12. d3 Bd6 13. Re1 Bf5 14.
Qf3 Qd7 15. h3 Rae8 16. Be3 Nxe3 17. Rxe3 Rxe3 18. fxe3 Bxd3 19. Nd2 c5 20. Bd5 c4 21.
e4 Qe7 22. g3 Qg5 23. Nf1 Kh8 24.
Kg2 f5 25. e5 Bxe5 26. Re1 f4 27. Nh2 h5 28. g4 b4 29. cxb4 Bxb2 30. Re6 Rd8 31.
Be4 Bxe4 32. Rxe4 Rd2+ 33. Re2 Rxe2+ 34. Qxe2 Qd5+ 35. Nf3 c3 36. Qe8+ Kh7 37. gxh5 Bc1 38. Qg6+ Kg8 39. Qe8+ Kh7 40. Qg6+ Kg8 41. h6 Qf7 42.
h7+ Kh8 43. Qxf7 Kxh7 44. Ng5+ Kh6 45. h4 Bd2 46. Qe6+ Kh5 47. Qe2+ Kg6 48. Nf3 Be3 49.
Qd3+ Kh5 50. Qxc3 Kg4 51. Qxg7+ Kf5 52. Qe5+ Kg6 53. h5+ Kh7 54. Qf6 Kg8 55. Ng5 f3+ 56. Kxf3 Bxg5 57. Qxg5+ Kf8 58. Qf6+ Kg8 59. Qe7 Kh8 60.
h6 a5 61. Qg7# 1-0

[Event "*** Titled Tuesday 3|2 Blitz"]
[Site "Chess.com"]
[Date "2015.10.06"]
[Round "4"]
[White "jefferyx"]
[Black "GregShahade"]
[Result "1/2-1/2"]
[WhiteElo "2522"]
[BlackElo "2301"]
[TimeControl "180+2"]
[EndTime "11:52:31 PDT"]
[Termination "Game drawn by repetition"]

1. b4 d5 2. Bb2 Bg4 3. a3 Nf6 4. h3 Bh5 5. g4 Bg6 6. Nf3 Nbd7 7. d3 e6 8. Nbd2 Bd6 9. c4 O-O 10. e3 a5 11. c5 Be7 12. Be2 c6 13. g5 Ne8 14. h4 Bh5 15. Nf1 f6 16. Ng3 Bxf3 17.
Bxf3 fxg5 18. hxg5 Bxg5 19. Bg4 Nc7 20. Qc2 Bf6 21.
d4 Bh4 22. O-O-O g6 23. Rdg1 axb4 24. axb4 Qf6 25. f4 Bxg3 26. Rxg3 Rf7 27. Rgh3 Nf8 28. Be2 Ne8 29. Bd3 Ng7 30. Kb1 Nf5 31. Bc1 Rb8 32. Bd2 Ra8 33. Be1 Nxe3 34. Rxe3 Qxd4 35. Bc3 Qxe3 36. Bxg6 Nxg6 37. Qxg6+ Kf8 38. Qh6+ Ke8 39. Re1 Ra1+ 40. Bxa1 Qxe1+ 41. Ka2 Qe2+ 42. Bb2 Qc4+ 43. Ka3 d4 44. Qg5 Qd3+ 45. Ka2 Qc4+ 46. Ka3 Qd3+ 47.
Ka2 Qg6 48. Qe5 Qf5 49. Qb8+ Ke7 50. Qd6+ Ke8 51. Qb8+ Ke7 52. Qxb7+ Kf8 53. Qc8+ Kg7 54. Bxd4+ Kh6 55. Qa6 Qc2+ 56. Bb2 Rxf4 57. Qxc6 Qc4+ 58. Ka3 Qd3+ 59. Ka4 Qc2+ 60. Ka3 Qd3+ 61. Ka4 Qc2+ 62. Ka3 Qd3+ 63. Ka4 Qc2+ 64. Ka3 1/2-1/2

[Event "*** Titled Tuesday 3|2 Blitz"]
[Site "Chess.com"]
[Date "2015.10.06"]
[Round "4"]
[White "AnthonyWirig"]
[Black "Er_is_geen_hoop_meer"]
[Result "1-0"]
[WhiteElo "2543"]
[BlackElo "2338"]
[TimeControl "180+2"]
[EndTime "11:52:52 PDT"]
[Termination "AnthonyWirig won by checkmate"]

1. d4 Nf6 2. Bg5 e6 3. e3 c5 4. c3 Be7 5. Nd2 d6 6. Bd3 O-O 7. Ngf3 Nbd7 8. O-O b6 9. Bh4 Bb7 10. h3 Rc8 11. Bg3 Qc7 12. Re1 Qb8 13. a4 a6 14. Qe2 Rfe8 15. Bh2 Bf8 16. Bxa6 Bxa6 17. Qxa6 cxd4 18. exd4 Nd5 19. Qb5 Qc7 20. Ne4 N7f6 21. Nxf6+ gxf6 22. Nd2 f5 23. c4 Nf6 24. b3 Bg7 25. Rad1 Kh8 26. Bf4 Nh5 27. Bh2 Bxd4 28. Ne4 fxe4 29. Qxh5 Bc5 30. Rxe4 f5 31. Re2 Rcd8 32. Qf3 Qf7 33. Qc3+ e5 34. Kh1 Bd4 35. Qc2 Rg8 36. f3 Qh5 37. Bg1 Bxg1 38. Rxg1 Rg3 39. Kh2 Rdg8 40. Qd2 Qg6 41. Qe1 f4 42. Rd2 Qe6 43.
Qf2 e4 44. Qd4+ R8g7 45. Qxe4 Qxe4 46. fxe4 Rxb3 47. Rxd6 h5 48. Rh6+ Kg8 49. Rxh5 Rb4 50. Rf5 Rxa4 51. Rxf4 Rxc4 52. Rgf1 Rc2 53. Rf8+ Kh7 54.
R8f2 Rc4 55. Re2 b5 56. Rb1 b4 57. Rb3 Re7 58. e5 Kg6 59. e6 Kf6 60. Rf3+ Kg6 61.
g4 Rc6 62. Rb3 Rc4 63. Kg3 Kf6 64. Rf3+ Kg6 65. h4 Kh6 66. Rf6+ Kg7 67. Rf3 Kg6 68. Ree3 Kg7 69. Rf4 Rc3 70. Rxc3 bxc3 71. Rc4 Rxe6 72. Rxc3 Re7 73. h5 Ra7 74. Kh4 Ra4 75. Rc6 Rb4 76. Rc5 Kh6 77. Rc6+ Kh7 78. Re6 Kg7 79. Kg5 Rb5+ 80. Kf4 Rb4+ 81. Re4 Rb5 82. Re5 Rb1 83. Kg5 Rb7 84. Rc5 Ra7 85. Kf5 Rf7+ 86. Kg5 Rb7 87.
h6+ Kh7 88. Kh5 Rb1 89. Rc7+ Kh8 90. g5 Rb2 91. Rc8+ Kh7 92. g6# 1-0

[Event "*** Titled Tuesday 3|2 Blitz"]
[Site "Chess.com"]
[Date "2015.10.06"]
[Round "4"]
[White "Po6Don"]
[Black "Carolina-moon"]
[Result "1/2-1/2"]
[WhiteElo "2006"]
[BlackElo "2039"]
[TimeControl "180+2"]
[EndTime "11:53:17 PDT"]
[Termination "Game drawn - insufficient material"]

1. e4 c5 2. c3 d6 3. d4 Nf6 4. Bd3 g6 5. h3 Bg7 6. Nf3 O-O 7. O-O Nbd7 8. e5 Ne8 9. Qe2 cxd4 10. cxd4 dxe5 11.
dxe5 Nc7 12. Nc3 Nc5 13. Bc2 b6 14. Rd1 Qe8 15. b4 Ba6 16. Qe3 N5e6 17. a4 Bb7 18. Be4 Bxe4 19. Qxe4 Rd8 20. Be3 Rxd1+ 21. Rxd1 Qb8 22. Qh4 Re8 23. Rd7 f6 24. Bh6 Qc8 25.
Rd2 g5 26. Qh5 Nf4 27. Qg4 Bxh6 28. exf6 exf6 29. Ne4 Qxg4 30. Nxf6+ Kf7 31. Nxg4 Bg7 32. Rd7+ Re7 33. Nxg5+ Ke8 34. Rxe7+ Kxe7 35. Nxh7 Nfd5 36.
a5 bxa5 37. bxa5 a6 38. Ng5 Nb4 39. h4 Nc6 40. h5 Ne6 41. Ne4 Nxa5 42. g3 Nc4 43. h6 Bh8 44. f4 a5 45. f5 Nd4 46.
f6+ Kf7 47. Ng5+ Kg6 48. f7 Ne6 49. Nxe6 Kxf7 50. Nc7 Nd6 51. Kf1 a4 52. Ne3 a3 53. Nc2 a2 54. Nd5 Nb5 55. Ndb4 Na3 56. Nxa2 Nxc2 57. Kg2 Nd4 58. Nc1 Kg6 59. Nd3 Kxh6 60.
Nf4 Kg5 61. Nh3+ Kf5 62. Nf2 Be5 63. Nd3 Bd6 64. Nf2 Ne6 65. Kf3 Ng5+ 66. Kg2 Ne6 67. Kf3 Nd4+ 68. Kg2 Bxg3 69. Kxg3 Ne6 70. Kf3 Ng5+ 71.
Kg2 Ne4 72. Nxe4 1/2-1/2

[Event "*** Titled Tuesday 3|2 Blitz"]
[Site "Chess.com"]
[Date "2015.10.06"]
[Round "4"]
[White "3f32"]
[Black "Saitama_Hero"]
[Result "0-1"]
[WhiteElo "2265"]
[BlackElo "2136"]
[TimeControl "180+2"]
[EndTime "11:53:21 PDT"]
[Termination "Saitama_Hero won by resignation"]

1. d4 Nf6 2. c4 g6 3. Nc3 Bg7 4. e4 O-O 5. Bg5 d6 6. h3 c5 7. d5 e6 8. Bd3 h6 9. Bd2 exd5 10. exd5 Re8+ 11. Nge2 Nbd7 12. f4 a6 13. a4 Nh5 14.
O-O f5 15. g4 fxg4 16. Bxg6 Ndf6 17. Bxe8 Qxe8 18. h4 g3 19. Rf3 Bg4 20. Re3 Qg6 21.
Qb1 Bf5 22. Qe1 Ng4 23. Rf3 Re8 24. Rxg3 Nxg3 25. Qxg3 Qh5 26. Re1 Bf6 27. Qh3 Bxh4 28. Ng3 Rxe1+ 29. Bxe1 Qe8 30. Bd2 Bxg3 31. Qxg3 Kh7 32. b3 Qe7 33. Kg2 Qg7 34. Kh1 Qd4 35. Qe1 Nf2+ 36. Kg2 Ne4 37. Nxe4 Bxe4+ 38. Kh2 Qd3 39.
Qe3 Qb1 40. Be1 Qc2+ 41. Bd2 Qb1 42. Bc1 Qc2+ 43. Bd2 Qb1 44. Bc1 Qc2+ 45. Bd2 Qb1 46. Qe1 Qxe1 47. Bxe1 Bc2 48. Ba5 Bxb3 49. Bc7 Bxc4 50.
Bxd6 Bxd5 51. Bxc5 Kg6 52. Kg3 Kf5 53. a5 h5 54. Kh4 Bf3 55. Bd6 Bg4 56. Bc7 Ke4 57.
Kg5 Kd5 58. f5 Kc6 59. f6 Be6 60. Bb6 Bf7 61. Kh6 h4 62. Kg7 h3 63. Kxf7 h2 64. Ke7 h1=Q 65. f7 Qe4+ 66. Kf6 Qf4+ 67. Ke7 Qe5+ 68. Kd8 Qf6+ 69. Ke8 Qe6+ 70. Kf8 Kd7 71. Bc5 Qg6 72. Bb6 Ke6 0-1

[Event "*** Titled Tuesday 3|2 Blitz"]
[Site "Chess.com"]
[Date "2015.10.06"]
[Round "4"]
[White "pKiLz5Rn9b"]
[Black "Mornar1951"]
[Result "0-1"]
[WhiteElo "2397"]
[BlackElo "2620"]
[TimeControl "180+2"]
[EndTime "11:53:22 PDT"]
[Termination "Mornar1951 won by resignation"]

1. e4 c5 2. c3 d5 3. exd5 Qxd5 4. d4 Nf6 5. Nf3 e6 6. Na3 Nc6 7. Nb5 Qd8 8. dxc5 Bxc5 9. Qxd8+ Kxd8 10. Bf4 Ne4 11. Be3 Bxe3 12. fxe3 Ke7 13. Bd3 Nc5 14.
Bc2 Rd8 15. Nbd4 Bd7 16. O-O h6 17. b4 Na6 18. Be4 f6 19. Nxc6+ Bxc6 20. Bxc6 bxc6 21.
Nd4 Rac8 22. a3 c5 23. Nb5 Rd7 24. Rfd1 Rcd8 25. Rxd7+ Rxd7 26. Kf2 Rb7 27. c4 cxb4 28. axb4 Nxb4 29. Nxa7 Nd3+ 30. Ke2 Ne5 31. c5 Rb2+ 32. Kf1 Rc2 33. Ra5 Ng4 34. Nc6+ Kf7 35. Nd4 Nxe3+ 36. Ke1 Nxg2+ 37. Kd1 Ne3+ 38. Ke1 Rc4 39. Ra7+ Kg6 40.
Nxe6 Nf5 41. Kd2 Re4 42. Nf8+ Kh5 43. Kd3 Re8 44. Nd7 Rc8 45. Ke4 Kg5 46. Kd5 h5 47. Nb6 Rd8+ 48. Kc4 Rd1 49. Kb5 Rb1+ 50. Kc6 Rc1 51. Kd5 g6 52. Nc4 Rd1+ 53. Kc6 Nd4+ 54. Kb7 Rb1+ 55. Nb6 Rc1 56. Ra5 Nb3 57. Rb5 Nxc5+ 58.
Kc6 Kh4 59. Rxc5 Rxc5+ 60. Kxc5 Kh3 61. Nd5 Kxh2 62. Nxf6 Kg3 63. Kd4 h4 64. Ke3 h3 65.
Ne4+ Kg2 66. Kf4 h2 67. Ng3 g5+ 68. Kg4 Kf2 69. Nh1+ Kg1 70. Ng3 Kg2 71. Nh1 Kxh1 72. Kg3 Kg1 73. Kf3 0-1

[Event "*** Titled Tuesday 3|2 Blitz"]
[Site "Chess.com"]
[Date "2015.10.06"]
[Round "4"]
[White "GGuseinov"]
[Black "Boryboy"]
[Result "1/2-1/2"]
[WhiteElo "2491"]
[BlackElo "2490"]
[TimeControl "180+2"]
[EndTime "11:53:57 PDT"]
[Termination "Game drawn - insufficient material"]

1. e4 e6 2. d4 d5 3. Nc3 Bb4 4. exd5 exd5 5. Bd3 c6 6. Ne2 Ne7 7. O-O Nd7 8. Ng3 Nf6 9. a3 Bd6 10. Re1 Be6 11. Qf3 Qd7 12. Bf4 Bxf4 13. Qxf4 O-O 14. h3 Rae8 15. Re5 Ng6 16. Bxg6 hxg6 17. Rae1 Qd6 18. Qh4 Bd7 19. Rxe8 Rxe8 20. Rxe8+ Bxe8 21. Qg5 Bd7 22. Qe3 Qe6 23. Qxe6 Bxe6 24. f3 Kf8 25. Kf2 Ke7 26. Ke3 Kd6 27. Nge2 Bd7 28. Nf4 Ne8 29.
Nd3 f6 30. b4 b6 31. Ne2 Ke7 32. h4 Nd6 33. Nb2 Nf5+ 34. Kf2 Nxh4 35. g3 Nf5 36. c3 Nd6 37. g4 Bc8 38. a4 Ba6 39. Nf4 g5 40. Nh5 Kf7 41. Nd1 Bd3 42. Ne3 a5 43. bxa5 bxa5 44. Ng3 Nc8 45. Ne2 Nb6 46. Nc1 Bc4 47.
Nxc4 dxc4 48. Ke3 Nxa4 49. Kd2 Nb6 50. Ne2 Ke6 51. Ng3 g6 52. Ne4 Nd7 53. Kc2 Kd5 54.
Kb2 f5 55. gxf5 gxf5 56. Nxg5 c5 57. dxc5 Nxc5 58. Ka3 Ke5 59. Nf7+ Kf4 60. Nd6 Kxf3 61. Nxc4 Ke2 62. Nxa5 f4 63. Nc6 Ne6 64. Ne5 Ke3 65.
c4 Ke4 66. Ng4 f3 67. Kb4 Kf4 68. Nf2 Ke3 69. Ng4+ Ke2 70. c5 Nd4 71. Kc4 Nf5 72. c6 Nh6 73. Nh2 f2 74. c7 Nf5 75. Kc5 Ne7 76. Kd6 Nc8+ 77. Kd7 Na7 78. c8=Q Nxc8 79. Kxc8 Ke3 80. Ng4+ Kf3 81. Nh2+ Kg2 82. Ng4 Kg3 83.
Ne3 Kf3 84. Nf1 Kg2 85. Ne3+ Kf3 86. Nf1 Ke2 87. Nh2 f1=Q 88. Nxf1 1/2-1/2

[Event "*** Titled Tuesday 3|2 Blitz"]
[Site "Chess.com"]
[Date "2015.10.06"]
[Round "5"]
[White "Er_is_geen_hoop_meer"]
[Black "Arashy_CC"]
[Result "1-0"]
[WhiteElo "2359"]
[BlackElo "2360"]
[TimeControl "180+2"]
[EndTime "11:58:02 PDT"]
[Termination "Er_is_geen_hoop_meer won by resignation"]

1. g3 g6 2. Bg2 Bg7 3. Nf3 e5 4. d3 d6 5. O-O h5 6. c4 Nc6 7.
Nc3 h4 8. Nxh4 Nd4 9. e3 Rxh4 10. gxh4 Nf5 11. h5 Nh4 12. Kh1 Nf6 13. hxg6 fxg6 14. Rg1 Ng4 15. Qe2 Kf8 16. f3 Nh6 17. Bd2 N6f5 18.
Be1 Bh6 19. Bf2 Qg5 20. Ne4 Qh5 21. Nf6 Qg5 22. Nh7+ 1-0

[Event "*** Titled Tuesday 3|2 Blitz"]
[Site "Chess.com"]
[Date "2015.10.06"]
[Round "5"]
[White "AndreyOstrovskiy"]
[Black "Carolina-moon"]
[Result "1-0"]
[WhiteElo "2372"]
[BlackElo "2037"]
[TimeControl "180+2"]
[EndTime "11:58:13 PDT"]
[Termination "AndreyOstrovskiy won by resignation"]

1. e4 c5 2. Nf3 d6 3. d4 cxd4 4. Nxd4 Nf6 5. Nc3 a6 6. Bc4 e6 7. a4 Be7 8. O-O O-O 9. Be3 Nxe4 10. Nxe4 d5 11. Bd3 dxe4 12. Bxe4 Qc7 13. Qh5 g6 14. Qh6 e5 15. Nf3 Nc6 16. Ng5 Bxg5 17. Bxg5 Qd6 18. Rad1 Qe6 19. Rd3 Ne7 20. Rh3 Qxh3 21. gxh3 f6 22.
Bd2 Be6 23. Bb4 Rf7 24. Rd1 Rc8 25. Bxb7 1-0

[Event "*** Titled Tuesday 3|2 Blitz"]
[Site "Chess.com"]
[Date "2015.10.06"]
[Round "5"]
[White "Saitama_Hero"]
[Black "MFBerna"]
[Result "1-0"]
[WhiteElo "2143"]
[BlackElo "2078"]
[TimeControl "180+2"]
[EndTime "11:58:46 PDT"]
[Termination "Saitama_Hero won by resignation"]

1. d4 d5 2. c4 e6 3. Nc3 Be7 4. Nf3 Nf6 5. Bg5 O-O 6. e3 h6 7. Bxf6 Bxf6 8. Bd3 b6 9. cxd5 exd5 10. O-O Be6 11. Rc1 c5 12. Bb1 Nd7 13. dxc5 Nxc5 14. Nd4 Rc8 15. b4 Nd7 16. Qd3 Re8 17. Qh7+ Kf8 18. Ncb5 Ne5 19. Nxa7 Rxc1 20. Rxc1 Bd7 21. f4 Nc4 22. Nac6 Bxc6 23. Nxc6 1-0

[Event "*** Titled Tuesday 3|2 Blitz"]
[Site "Chess.com"]
[Date "2015.10.06"]
[Round "5"]
[White "enen0315"]
[Black "Moltini"]
[Result "0-1"]
[WhiteElo "1890"]
[BlackElo "2148"]
[TimeControl "180+2"]
[EndTime "11:58:58 PDT"]
[Termination "Moltini won by resignation"]

1. d4 Nf6 2. c4 g6 3. Nc3 Bg7 4. e4 d6 5. Be2 O-O 6. Nf3 e5 7. O-O Nc6 8. d5 Ne7 9. b4 a5 10. Ba3 axb4 11. Bxb4 b6 12. a4 Nh5 13. Re1 Nf4 14.
Bf1 f5 15. a5 bxa5 16. Bxa5 Bd7 17. c5 dxc5 18. d6 Nc6 19. Bxc7 Rxa1 20. Qxa1 Qe8 21. Ng5 Nd4 22. Bc4+ Kh8 23. Nd5 h6 24. Nf3 fxe4 25.
Rxe4 Nxf3+ 26. gxf3 Nxd5 27. Bxd5 Rxf3 28. Qc1 Qf8 29.
Qxc5 Qf5 30. Bd8 Rd3 31. Bh4 Rd1+ 0-1

[Event "*** Titled Tuesday 3|2 Blitz"]
[Site "Chess.com"]
[Date "2015.10.06"]
[Round "5"]
[White "WilliamRDavis"]
[Black "oggy1984"]
[Result "0-1"]
[WhiteElo "1872"]
[BlackElo "2379"]
[TimeControl "180+2"]
[EndTime "11:59:22 PDT"]
[Termination "oggy1984 won by resignation"]

1. d4 Nf6 2. Nf3 c5 3. e3 g6 4. c4 Bg7 5. Nc3 O-O 6. Be2 cxd4 7. exd4 d5 8. c5 Nc6 9. O-O Ne4 10. Bf4 Bf5 11. Re1 Rc8 12. h3 Qd7 13. Rc1 Rfd8 14.
a3 f6 15. b4 e5 16. Bh2 Kh8 17. Bb5 Nxc3 18. Rxc3 e4 19. Nd2 Be6 20. Nf1 f5 21. Bxc6 bxc6 22. f4 Bf6 23. Ne3 Qg7 24. g4 Bxd4 0-1

[Event "*** Titled Tuesday 3|2 Blitz"]
[Site "Chess.com"]
[Date "2015.10.06"]
[Round "5"]
[White "jcibarra"]
[Black "rikyshi"]
[Result "1-0"]
[WhiteElo "2490"]
[BlackElo "2135"]
[TimeControl "180+2"]
[EndTime "11:59:23 PDT"]
[Termination "jcibarra won by resignation"]

1. e4 e6 2. d4 d5 3. Nc3 Nc6 4. Nf3 Nf6 5. e5 Ne4 6. Bd3 Bb4 7.
Bd2 Nxd2 8. Qxd2 f6 9. a3 Be7 10. O-O-O fxe5 11. dxe5 O-O 12. h4 Rxf3 13. gxf3 Nxe5 14.
f4 Nf3 15. Bxh7+ Kxh7 16. Qd3+ Kg8 17. Qxf3 Bd6 18. f5 Qf6 19. Qh5 Bxa3 20. Qe8+ Kh7 21.
Qg6+ Qxg6 22. fxg6+ Kxg6 23. bxa3 c6 24. Rhg1+ Kh6 25.
Rg5 Bd7 26. Rdg1 Rg8 27. Ne2 Be8 28. Nf4 Bf7 29. Nxe6 Bxe6 30. Rg6+ Kh7 31. Rxe6 Rf8 32. Re7 Rxf2 33. Rgxg7+ Kh6 34. Rh7+ Kg6 35. Reg7+ Kf6 36. Rf7+ 1-0

[Event "*** Titled Tuesday 3|2 Blitz"]
[Site "Chess.com"]
[Date "2015.10.06"]
[Round "5"]
[White "promen1999"]
[Black "GGuseinov"]
[Result "0-1"]
[WhiteElo "2295"]
[BlackElo "2505"]
[TimeControl "180+2"]
[EndTime "11:59:29 PDT"]
[Termination "GGuseinov won by resignation"]

1. d4 Nf6 2. c4 g6 3. Nc3 Bg7 4. e4 d6 5. Nf3 O-O 6. Be2 Bg4 7. Be3 Nfd7 8. Qd2 Nc6 9. d5 Ncb8 10. h4 h5 11. Nd4 Bxe2 12. Qxe2 c5 13. Nc2 Ne5 14. O-O-O a6 15. Na3 b5 16. cxb5 axb5 17. Ncxb5 Na6 18. Bd2 Nb4 19. Kb1 Qa5 20. f4 Ng4 21.
Bc3 Bxc3 22. Nxc3 Rfb8 23. Nc4 Nxa2 0-1

[Event "*** Titled Tuesday 3|2 Blitz"]
[Site "Chess.com"]
[Date "2015.10.06"]
[Round "5"]
[White "tac49"]
[Black "zmaj23"]
[Result "1-0"]
[WhiteElo "2467"]
[BlackElo "2312"]
[TimeControl "180+2"]
[EndTime "11:59:40 PDT"]
[Termination "tac49 won by resignation"]

1. e4 c5 2. Nf3 d6 3. d4 cxd4 4.
Qxd4 Nc6 5. Bb5 Bd7 6. Bxc6 Bxc6 7. Nc3 e5 8. Qd3 h6 9. O-O Nf6 10. Nd2 d5 11. exd5 Nxd5 12. Re1 f6 13. Qg6+ Ke7 14.
Nc4 Nxc3 15. bxc3 Qd5 16. Ba3+ Ke6 17. Rxe5+ Qxe5 18. Nxe5 Bxa3 19. Nxc6 bxc6 20. Re1+ Kd6 21. Qg3+ Kc5 22. Qe3+ Kb5 23. Rb1+ Ka5 24. c4 Bb4 25. a3 Bd6 26. Qd2+ 1-0

[Event "*** Titled Tuesday 3|2 Blitz"]
[Site "Chess.com"]
[Date "2015.10.06"]
[Round "5"]
[White "AlexanderL"]
[Black "SenseiJulio"]
[Result "0-1"]
[WhiteElo "2555"]
[BlackElo "2626"]
[TimeControl "180+2"]
[EndTime "12:00:17 PDT"]
[Termination "SenseiJulio won by checkmate"]

1. d4 d5 2. c4 e6 3. Nc3 c6 4.
Nf3 Nf6 5. e3 Nbd7 6. Bd3 dxc4 7. Bxc4 b5 8. Bd3 a6 9. e4 c5 10.
e5 cxd4 11. Nxb5 axb5 12. exf6 gxf6 13. Nxd4 Qb6 14. Be4 Ra4 15. Be3 Bb4+ 16. Kf1 Bc5 17. Rc1 Ba6 18. Bc6 Bxd4 19. Bxd7+ Kxd7 20. b3 Ke7 21. bxa4 bxa4+ 22. Kg1 Bxe3 23. Rc2 Rd8 24. Qe1 Rc8 25.
Rxc8 Bxf2+ 26. Qxf2 Qb1+ 27. Rc1 Qxc1+ 28. Qf1 Qxf1# 0-1